Hurricanes vs Avalanche

Created - November-05-12 at 18:01

Goals
1 2 3 T
Hurricanes 1 0 0 1
Avalanche 1 1 1 3
Shots
1 2 3 T
Hurricanes 7 5 5 17
Avalanche 5 3 5 13

1st period

1. Avalanche , John Carlson 1 (Derek Stepan, Jeff Skinner) at 5:51 (PP)
2. Hurricanes , Eric Staal 3 (Duncan Keith, Jarome Iginla) at 19:45

Penalties :
Jason Chimera (CAR) for Roughing (Minor) at 4:24, Brayden McNabb (COL) for Holding (Minor) at 10:16, Steve Downie (COL) for Tripping (Minor) at 12:28, T.J. Oshie (COL) for Hooking (Minor) at 18:38, Ryan Wilson (CAR) for Slashing (Minor) at 18:38

2nd period

3. Avalanche , Derek Stepan 1 (Jeff Skinner, Brayden McNabb) at 19:00

Penalties :
Derek Stepan (COL) for Roughing (Minor) at 5:22

3rd period

4. Avalanche , Jeff Skinner 4 (Derek Stepan, Nicklas Lidstrom) at 12:39 (PP)

Penalties :
Derek Stepan (COL) for Roughing (Double Minor) at 1:17, Michal Rozsival (COL) for Cross-checking (Minor) at 7:48, Sheldon Brookbank (CAR) for Charging (Minor) at 7:48, Matt Greene (CAR) for Interference (Minor) at 11:07, Michal Rozsival (COL) for Roughing (Minor) at 16:39

Goalie Stats

Mike Smith (CAR), 10 saves from 13 shots - (0.769), L, 6-6-1, 60:00 minutes
Antti Niemi (COL), 16 saves from 17 shots - (0.941), W, 4-4-2, 60:00 minutes

Players Stats for Hurricanes

Player Name              G  A  P  +/- PIM S  H  SB GA TA FO     MP     PP MP  PK MP  
------------------------------------------------------------------------------------
Aaron Johnson            0  0  0   0  0   2  0  1  0  0  0/0    20:32   7:01   0:00 
Anton Volchenkov         0  0  0   0  0   1  3  1  0  0  0/0    22:44   4:10   1:30 
Brandon McMillan         0  0  0   0  0   0  0  0  0  0  1/2    12:30   1:08   1:30 
Daniel Winnik            0  0  0   0  0   0  0  0  0  0  0/0    11:17   0:00   0:00 
Darroll Powe             0  0  0  -1  0   0  0  0  0  0  1/1    10:37   0:00   1:24 
Duncan Keith             0  1  1   1  0   0  1  0  0  0  0/0    24:25   6:21   0:19 
Eric Staal               1  0  1   1  0   1  0  0  0  0  9/20   18:41   5:25   0:05 
Jarome Iginla            0  1  1   1  0   1  1  0  0  0  0/0    18:53   5:42   0:00 
Jason Chimera            0  0  0   0  2   0  0  0  0  0  0/0     9:51   0:00   0:00 
Jesse Winchester         0  0  0  -1  0   0  0  0  0  0  3/8     9:13   0:00   0:00 
Joffrey Lupul            0  0  0   0  0   1  1  0  0  0  0/0    18:29   5:39   0:00 
Matt Cooke               0  0  0   0  0   0  1  0  0  0  0/0    17:21   5:05   1:30 
Matt Greene              0  0  0  -1  2   2  2  1  0  0  0/0    20:04   0:00   1:10 
Patrik Elias             0  0  0   0  0   4  0  0  0  0  7/18   20:49   6:30   1:29 
Ryan Wilson              0  0  0   0  2   1  2  1  0  0  0/0    21:26   4:54   1:35 
Shane OBrien             0  0  0   0  0   2  0  0  0  0  0/0    10:47   1:24   1:24 
Sheldon Brookbank        0  0  0  -1  2   1  2  0  0  0  0/0    15:28   6:16   0:00 
Warren Peters            0  0  0   0  0   1  1  0  0  0  4/8     9:52   0:00   0:00 

Players Stats for Avalanche

Player Name              G  A  P  +/- PIM S  H  SB GA TA FO     MP     PP MP  PK MP  
------------------------------------------------------------------------------------
Brayden McNabb           0  1  1   0  2   0  1  0  0  0  0/0    18:51   0:52   4:04 
Brayden Schenn           0  0  0   0  0   0  1  0  0  0  5/7    11:45   0:00   1:04 
Derek Stepan             1  2  3   0  6   2  1  0  0  0  7/11   16:58   1:20   3:06 
Devin Setoguchi          0  0  0   0  0   0  1  0  0  0  0/1    14:18   1:39   1:58 
Jeff Skinner             1  2  3   1  0   2  0  0  0  0  0/0    13:57   1:20   1:28 
John Carlson             1  0  1   0  0   3  0  0  0  0  0/0    20:36   1:32   1:52 
Justin Abdelkader        0  0  0   0  0   0  0  0  0  0  3/4    10:37   0:00   0:28 
Kevin Shattenkirk        0  0  0   0  0   0  0  1  0  0  0/0     5:08   0:40   0:52 
Kyle Turris              0  0  0  -1  0   0  0  0  0  0  6/17   20:49   1:39   5:38 
Marcus Johansson         0  0  0   0  0   1  0  0  0  0  0/1    10:49   0:00   0:00 
Matt Halischuk           0  0  0   0  0   0  0  0  0  0  1/1     9:35   0:00   0:00 
Michael Del Zotto        0  0  0   0  0   0  3  4  0  0  0/0    23:39   1:27   5:14 
Michal Rozsival          0  0  0   0  4   0  1  1  0  0  0/0    21:52   0:00   5:27 
Nicklas Lidstrom         0  1  1   0  0   1  0  1  0  0  0/0    25:06   1:27   5:43 
Ryan White               0  0  0   0  0   0  2  0  0  0  0/0     9:35   0:00   0:00 
Steve Downie             0  0  0   0  2   1  2  0  0  0  0/0    12:46   0:00   0:00 
T.J. Oshie               0  0  0   0  2   1  2  0  0  0  0/0    18:21   1:39   5:23 
Teemu Selanne            0  0  0   1  0   2  0  0  0  0  10/15  19:18   1:20   5:23 

3 Stars

1 - Jeff Skinner (COL)
2 - Eric Staal (CAR)
3 - Antti Niemi (COL)

Power Play

Hurricanes - 0 on 6 Attempt(s) - 0.00%
Avalanche - 2 on 2 Attempt(s) - 100.00%

Penalty Kill

Hurricanes - 0 on 2 Attempt(s) - 0.00% - Score 0 goal in Penalty Kill
Avalanche - 6 on 6 Attempt(s) - 100.00% - Score 0 goal in Penalty Kill

Official

Referees : Wes McCauley and Francis Charron
Linesman : Mike Cvik and Darren Gibbs

Game Notes

Kevin Shattenkirk is injured at 12:37 of 1st period (Bruised Right Leg)

Finance

Level 1 -- Attendance: 6153 (94.66%) -- Ticket Income $615,300
Level 2 -- Attendance: 5000 (100.00%) -- Ticket Income $350,000
Level 3 -- Attendance: 3184 (90.97%) -- Ticket Income $159,200
Level 4 -- Attendance: 2007 (100.00%) -- Ticket Income $80,280
Luxury Box -- Attendance: 1000 (100.00%) -- Ticket Income $200,000
Game was played at the Pepsi Center
Total Attendance: 17344 (96.32%)
Total Ticket Income: $1,404,780
Other Income: $210,717
Total Income: $1,615,497


% Time on Ice - Hurricanes

Lines # - Real PCT - Wanted PCT - Time Play
Normal Forward
1 - 26% - 35% - 10:46
2 - 27% - 35% - 11:17
3 - 22% - 20% - 9:13
4 - 24% - 10% - 9:52
Normal Defense
1 - 35% - 35% - 14:18
2 - 30% - 35% - 12:32
3 - 25% - 20% - 10:19
4 - 10% - 10% - 3:59
PP Forward
1 - 53% - 50% - 6:16
2 - 47% - 50% - 5:39
PP Defense
1 - 41% - 50% - 4:54
2 - 59% - 50% - 7:01
PK Forward
1 - 50% - 50% - 1:30
2 - 50% - 50% - 1:29
PK Defense
1 - 53% - 50% - 1:35
2 - 47% - 50% - 1:24
PK3 Forward
1 - 0% - 60%
2 - 0% - 40%
PK3 Defense
1 - 0% - 50%
2 - 0% - 50%
44 Forward
1 - 39% - 50% - 1:33
2 - 61% - 50% - 2:25
44 Defense
1 - 40% - 50% - 1:36
2 - 60% - 50% - 2:22
Last Minute Offensive  - 0:00
Last Minute Defensive  - 0:00
Total
Forward - 60:00
Defense - 60:00

% Time on Ice - Avalanche

Lines # - Real PCT - Wanted PCT - Time Play
Normal Forward
1 - 24% - 35% - 10:03
2 - 26% - 35% - 10:49
3 - 26% - 20% - 10:41
4 - 23% - 10% - 9:35
Normal Defense
1 - 31% - 40% - 12:40
2 - 46% - 30% - 18:48
3 - 21% - 20% - 8:48
4 - 2% - 10% - 0:52
PP Forward
1 - 45% - 50% - 1:20
2 - 55% - 50% - 1:39
PP Defense
1 - 49% - 50% - 1:27
2 - 51% - 50% - 1:32
PK Forward
1 - 45% - 50% - 5:23
2 - 55% - 50% - 6:32
PK Defense
1 - 25% - 50% - 2:59
2 - 75% - 50% - 8:56
PK3 Forward
1 - 0% - 51%
2 - 0% - 49%
PK3 Defense
1 - 0% - 50%
2 - 0% - 50%
44 Forward
1 - 64% - 51% - 2:32
2 - 36% - 49% - 1:26
44 Defense
1 - 41% - 50% - 1:37
2 - 59% - 50% - 2:21
Last Minute Offensive  - 0:00
Last Minute Defensive  - 0:00
Total
Forward - 60:00
Defense - 60:00

Play by Play

1st period


0:01 of 1st period - Eric Staal wins face-off versus Derek Stepan in neutral zone.
0:52 of 1st period - Icing by Duncan Keith.
0:53 of 1st period - Kyle Turris wins face-off versus Eric Staal in Hurricanes zone.
1:43 of 1st period - Icing by Patrik Elias.
1:44 of 1st period - Brayden Schenn wins face-off versus Patrik Elias in Hurricanes zone.
3:45 of 1st period - Shot by Jeff Skinner.
3:45 of 1st period - Shot Misses the Net.
4:13 of 1st period - Icing by Duncan Keith.
4:14 of 1st period - Warren Peters wins face-off versus Kyle Turris in Hurricanes zone.
4:14 of 1st period - Warren Peters is hit by T.J. Oshie.
4:24 of 1st period - Minor Penalty to Jason Chimera for Roughing.
4:25 of 1st period - Darroll Powe wins face-off versus Kyle Turris in Hurricanes zone.
5:47 of 1st period - Shot by Jeff Skinner.
5:47 of 1st period - Deflect By Derek Stepan.
5:47 of 1st period - Stopped by Mike Smith with a rebound.
5:49 of 1st period - Shot by John Carlson.
5:49 of 1st period - Stopped by Mike Smith with a rebound.
5:51 of 1st period - Shot by John Carlson.
5:51 of 1st period - Goal by John Carlson - Hurricanes : 0 - Avalanche : 1.
5:52 of 1st period - Matt Halischuk wins face-off versus Eric Staal in neutral zone.
6:19 of 1st period - Shot by Justin Abdelkader.
6:19 of 1st period - Shot Misses the Net.
6:56 of 1st period - Kevin Shattenkirk is hit by Warren Peters and loses puck.
7:47 of 1st period - Shot by Patrik Elias.
7:47 of 1st period - Stopped by Antti Niemi without a rebound.
7:48 of 1st period - Derek Stepan wins face-off versus Jesse Winchester in Avalanche zone.
8:25 of 1st period - John Carlson is hit by Anton Volchenkov and loses puck.
9:28 of 1st period - Shot by Joffrey Lupul.
9:28 of 1st period - Stopped by Antti Niemi with a rebound.
9:57 of 1st period - Kevin Shattenkirk is hit by Matt Cooke.
10:16 of 1st period - Minor Penalty to Brayden McNabb for Holding.
10:17 of 1st period - Teemu Selanne wins face-off versus Patrik Elias in Avalanche zone.
10:49 of 1st period - Teemu Selanne is hit by Jarome Iginla and loses puck.
11:12 of 1st period - Shot by Eric Staal.
11:12 of 1st period - Shot Blocked by Kevin Shattenkirk.
11:14 of 1st period - Shot by Anton Volchenkov.
11:14 of 1st period - Stopped by Antti Niemi without a rebound.
11:15 of 1st period - Derek Stepan wins face-off versus Eric Staal in Avalanche zone.
11:59 of 1st period - Icing by Sheldon Brookbank.
12:00 of 1st period - Patrik Elias wins face-off versus Teemu Selanne in Hurricanes zone.
12:28 of 1st period - Minor Penalty to Steve Downie for Tripping.
12:29 of 1st period - Teemu Selanne wins face-off versus Eric Staal in Avalanche zone.
12:35 of 1st period - Icing by Joffrey Lupul.
12:36 of 1st period - Teemu Selanne wins face-off versus Eric Staal in Hurricanes zone.
12:36 of 1st period - Kevin Shattenkirk is hit by Duncan Keith and loses puck.
12:37 of 1st period - Kevin Shattenkirk from Avalanche is injured at 12:37 of 1st period (Bruised Right Leg).
12:38 of 1st period - Teemu Selanne wins face-off versus Eric Staal in Hurricanes zone.
13:33 of 1st period - Shot by Aaron Johnson.
13:33 of 1st period - Shot Misses the Net.
13:35 of 1st period - Shot by Sheldon Brookbank.
13:35 of 1st period - Shot Misses the Net.
13:37 of 1st period - Shot by Aaron Johnson.
13:37 of 1st period - Stopped by Antti Niemi with a rebound.
14:42 of 1st period - Jason Chimera is hit by Michael Del Zotto and loses puck.
14:47 of 1st period - Shot by Jason Chimera.
14:47 of 1st period - Shot Misses the Net.
14:49 of 1st period - Shot by Matt Greene.
14:49 of 1st period - Stopped by Antti Niemi with a rebound.
14:51 of 1st period - Shot by Brandon McMillan.
14:51 of 1st period - Shot Misses the Net.
14:54 of 1st period - Warren Peters is hit by Michael Del Zotto and loses puck.
15:27 of 1st period - Duncan Keith is hit by Brayden Schenn and loses puck.
15:31 of 1st period - Icing by Ryan Wilson.
15:32 of 1st period - Derek Stepan wins face-off versus Jesse Winchester in Hurricanes zone.
15:32 of 1st period - Derek Stepan is hit by Ryan Wilson.
15:42 of 1st period - Shot by Derek Stepan.
15:42 of 1st period - Shot Blocked by Ryan Wilson.
16:18 of 1st period - Shot by Patrik Elias.
16:18 of 1st period - Shot Misses the Net.
16:20 of 1st period - Shot by Matt Greene.
16:20 of 1st period - Shot Misses the Net.
16:22 of 1st period - Shot by Daniel Winnik.
16:22 of 1st period - Shot Misses the Net.
16:26 of 1st period - Shot by Joffrey Lupul.
16:26 of 1st period - Shot Misses the Net.
16:32 of 1st period - Shot by Patrik Elias.
16:32 of 1st period - Stopped by Antti Niemi with a rebound.
16:34 of 1st period - Shot by Daniel Winnik.
16:34 of 1st period - Shot Misses the Net.
16:55 of 1st period - Duncan Keith is hit by T.J. Oshie and loses puck.
17:02 of 1st period - Shot by Nicklas Lidstrom.
17:02 of 1st period - Stopped by Mike Smith without a rebound.
17:03 of 1st period - Justin Abdelkader wins face-off versus Warren Peters in Hurricanes zone.
17:26 of 1st period - Matt Greene is hit by Ryan White and loses puck.
17:58 of 1st period - Icing by John Carlson.
17:59 of 1st period - Kyle Turris wins face-off versus Patrik Elias in Avalanche zone.
18:01 of 1st period - Icing by Brayden McNabb.
18:02 of 1st period - Patrik Elias wins face-off versus Kyle Turris in Avalanche zone.
18:21 of 1st period - Icing by Kyle Turris.
18:22 of 1st period - Eric Staal wins face-off versus Kyle Turris in Avalanche zone.
18:38 of 1st period - Minor Penalty to T.J. Oshie for Hooking.
18:38 of 1st period - Minor Penalty to Ryan Wilson for Slashing.
18:39 of 1st period - Teemu Selanne wins face-off versus Patrik Elias in Hurricanes zone.
18:42 of 1st period - Shot by Teemu Selanne.
18:42 of 1st period - Shot Misses the Net.
19:10 of 1st period - Shot by Teemu Selanne.
19:10 of 1st period - Deflect By Steve Downie.
19:10 of 1st period - Stopped by Mike Smith without a rebound.
19:11 of 1st period - Kyle Turris wins face-off versus Eric Staal in Hurricanes zone.
19:45 of 1st period - Shot by Eric Staal.
19:45 of 1st period - Goal by Eric Staal - Hurricanes : 1 - Avalanche : 1.
19:46 of 1st period - Teemu Selanne wins face-off versus Patrik Elias in neutral zone.
19:48 of 1st period - Off-side.
19:49 of 1st period - Teemu Selanne wins face-off versus Patrik Elias in neutral zone.

2nd period


0:01 of 2nd period - Eric Staal wins face-off versus Teemu Selanne in neutral zone.
0:10 of 2nd period - Shot by Jarome Iginla.
0:10 of 2nd period - Shot Misses the Net.
0:25 of 2nd period - Eric Staal is hit by Michal Rozsival and loses puck.
0:30 of 2nd period - Shot by Jarome Iginla.
0:30 of 2nd period - Stopped by Antti Niemi without a rebound.
0:31 of 2nd period - Patrik Elias wins face-off versus Kyle Turris in Avalanche zone.
1:17 of 2nd period - Icing by Darroll Powe.
1:18 of 2nd period - Kyle Turris wins face-off versus Jesse Winchester in Hurricanes zone.
2:39 of 2nd period - Shot by Derek Stepan.
2:39 of 2nd period - Shot Misses the Net.
4:25 of 2nd period - Matt Greene is hit by Devin Setoguchi and loses puck.
5:22 of 2nd period - Minor Penalty to Derek Stepan for Roughing.
5:23 of 2nd period - Teemu Selanne wins face-off versus Eric Staal in Avalanche zone.
6:11 of 2nd period - Shot by Shane OBrien.
6:11 of 2nd period - Stopped by Antti Niemi with a rebound.
6:13 of 2nd period - Shot by Shane OBrien.
6:13 of 2nd period - Stopped by Antti Niemi without a rebound.
6:14 of 2nd period - Patrik Elias wins face-off versus Teemu Selanne in Avalanche zone.
6:35 of 2nd period - Shot by Jarome Iginla.
6:35 of 2nd period - Shot Misses the Net.
7:54 of 2nd period - Shot by Shane OBrien.
7:54 of 2nd period - Shot Blocked by Michael Del Zotto.
7:58 of 2nd period - Shot by Jason Chimera.
7:58 of 2nd period - Shot Blocked by Michael Del Zotto.
9:16 of 2nd period - Joffrey Lupul is hit by Derek Stepan and loses puck.
10:06 of 2nd period - Icing by Kyle Turris.
10:07 of 2nd period - Brayden Schenn wins face-off versus Warren Peters in Avalanche zone.
10:32 of 2nd period - Duncan Keith is hit by Steve Downie and loses puck.
11:05 of 2nd period - Shot by Matt Halischuk.
11:05 of 2nd period - Shot Blocked by Aaron Johnson.
11:19 of 2nd period - Shot by Matt Cooke.
11:19 of 2nd period - Shot Hit the Post.
12:18 of 2nd period - Off-side.
12:19 of 2nd period - Warren Peters wins face-off versus Marcus Johansson in neutral zone.
12:44 of 2nd period - Shot by Marcus Johansson.
12:44 of 2nd period - Stopped by Mike Smith without a rebound.
12:45 of 2nd period - Brayden Schenn wins face-off versus Eric Staal in Hurricanes zone.
13:29 of 2nd period - Icing by Aaron Johnson.
13:30 of 2nd period - Eric Staal wins face-off versus Derek Stepan in Hurricanes zone.
13:34 of 2nd period - Off-side.
13:35 of 2nd period - Patrik Elias wins face-off versus Derek Stepan in neutral zone.
13:54 of 2nd period - Shot by Joffrey Lupul.
13:54 of 2nd period - Shot Misses the Net.
13:56 of 2nd period - Shot by Joffrey Lupul.
13:56 of 2nd period - Shot Misses the Net.
14:14 of 2nd period - Shot by Patrik Elias.
14:14 of 2nd period - Shot Misses the Net.
14:16 of 2nd period - Shot by Patrik Elias.
14:16 of 2nd period - Stopped by Antti Niemi with a rebound.
14:45 of 2nd period - Shot by Darroll Powe.
14:45 of 2nd period - Shot Misses the Net.
15:05 of 2nd period - Shot by Sheldon Brookbank.
15:05 of 2nd period - Stopped by Antti Niemi without a rebound.
15:06 of 2nd period - Eric Staal wins face-off versus Kyle Turris in Avalanche zone.
15:09 of 2nd period - Shot by Eric Staal.
15:09 of 2nd period - Shot Blocked by Michael Del Zotto.
15:17 of 2nd period - Shot by Jarome Iginla.
15:17 of 2nd period - Shot Blocked by Nicklas Lidstrom.
16:37 of 2nd period - Icing by Jason Chimera.
16:38 of 2nd period - Justin Abdelkader wins face-off versus Warren Peters in Hurricanes zone.
16:56 of 2nd period - Michael Del Zotto is hit by Matt Greene and loses puck.
17:13 of 2nd period - Justin Abdelkader is hit by Joffrey Lupul and loses puck.
17:54 of 2nd period - Matt Cooke is hit by Ryan White and loses puck.
18:42 of 2nd period - Shot by John Carlson.
18:42 of 2nd period - Stopped by Mike Smith without a rebound.
18:43 of 2nd period - Derek Stepan wins face-off versus Jesse Winchester in Hurricanes zone.
18:56 of 2nd period - Shot by Derek Stepan.
18:56 of 2nd period - Shot Misses the Net.
18:58 of 2nd period - Shot by Jeff Skinner.
18:58 of 2nd period - Shot Misses the Net.
19:00 of 2nd period - Shot by Derek Stepan.
19:00 of 2nd period - Goal by Derek Stepan - Hurricanes : 1 - Avalanche : 2.
19:01 of 2nd period - Patrik Elias wins face-off versus Brayden Schenn in neutral zone.
19:08 of 2nd period - Patrik Elias is hit by Steve Downie and loses puck.
19:39 of 2nd period - Shot by John Carlson.
19:39 of 2nd period - Shot Misses the Net.
19:56 of 2nd period - Icing by Brayden McNabb.
19:57 of 2nd period - Derek Stepan wins face-off versus Eric Staal in Avalanche zone.

3rd period


0:01 of 3rd period - Eric Staal wins face-off versus Kyle Turris in neutral zone.
1:07 of 3rd period - Teemu Selanne is hit by Matt Greene and loses puck.
1:17 of 3rd period - Double Minor Penalty to Derek Stepan for Roughing.
1:18 of 3rd period - Patrik Elias wins face-off versus Teemu Selanne in Avalanche zone.
1:20 of 3rd period - Sheldon Brookbank is hit by Brayden McNabb and loses puck.
1:51 of 3rd period - Shot by Aaron Johnson.
1:51 of 3rd period - Stopped by Antti Niemi without a rebound.
1:52 of 3rd period - Teemu Selanne wins face-off versus Eric Staal in Avalanche zone.
2:37 of 3rd period - Shot by Sheldon Brookbank.
2:37 of 3rd period - Shot Hit the Post.
2:39 of 3rd period - Shot by Jarome Iginla.
2:39 of 3rd period - Shot Misses the Net.
2:43 of 3rd period - Shot by Jarome Iginla.
2:43 of 3rd period - Shot Misses the Net.
3:15 of 3rd period - Shot by Ryan Wilson.
3:15 of 3rd period - Stopped by Antti Niemi without a rebound.
3:16 of 3rd period - Eric Staal wins face-off versus Devin Setoguchi in Avalanche zone.
3:29 of 3rd period - Shot by Matt Cooke.
3:29 of 3rd period - Shot Blocked by Michal Rozsival.
3:31 of 3rd period - Shot by Ryan Wilson.
3:31 of 3rd period - Shot Misses the Net.
3:33 of 3rd period - Shot by Ryan Wilson.
3:33 of 3rd period - Shot Misses the Net.
5:07 of 3rd period - Shot by Brayden Schenn.
5:07 of 3rd period - Shot Misses the Net.
5:25 of 3rd period - Shot by Brandon McMillan.
5:25 of 3rd period - Shot Misses the Net.
5:27 of 3rd period - Shot by Warren Peters.
5:27 of 3rd period - Stopped by Antti Niemi without a rebound.
5:28 of 3rd period - Derek Stepan wins face-off versus Warren Peters in Avalanche zone.
6:27 of 3rd period - Off-side.
6:28 of 3rd period - Kyle Turris wins face-off versus Patrik Elias in neutral zone.
6:33 of 3rd period - Shot by Michal Rozsival.
6:33 of 3rd period - Shot Blocked by Anton Volchenkov.
7:27 of 3rd period - Icing by Brayden McNabb.
7:28 of 3rd period - Jesse Winchester wins face-off versus Kyle Turris in Avalanche zone.
7:38 of 3rd period - Kyle Turris is hit by Ryan Wilson and loses puck.
7:48 of 3rd period - Minor Penalty to Michal Rozsival for Cross-checking.
7:48 of 3rd period - Minor Penalty to Sheldon Brookbank for Charging.
7:49 of 3rd period - Eric Staal wins face-off versus Teemu Selanne in Avalanche zone.
7:54 of 3rd period - Shot by Aaron Johnson.
7:54 of 3rd period - Shot Misses the Net.
8:51 of 3rd period - Derek Stepan is hit by Anton Volchenkov.
8:56 of 3rd period - Derek Stepan is hit by Anton Volchenkov and loses puck.
9:47 of 3rd period - Icing by Patrik Elias.
9:48 of 3rd period - Brayden Schenn wins face-off versus Jesse Winchester in Hurricanes zone.
10:16 of 3rd period - Icing by Sheldon Brookbank.
10:17 of 3rd period - Jesse Winchester wins face-off versus Justin Abdelkader in Hurricanes zone.
11:07 of 3rd period - Minor Penalty to Matt Greene for Interference.
11:08 of 3rd period - Kyle Turris wins face-off versus Brandon McMillan in Hurricanes zone.
11:42 of 3rd period - Icing by T.J. Oshie.
11:43 of 3rd period - Brandon McMillan wins face-off versus Kyle Turris in Avalanche zone.
12:39 of 3rd period - Shot by Derek Stepan.
12:39 of 3rd period - Deflect By Jeff Skinner.
12:39 of 3rd period - Goal by Jeff Skinner - Hurricanes : 1 - Avalanche : 3.
12:40 of 3rd period - Justin Abdelkader wins face-off versus Patrik Elias in neutral zone.
12:59 of 3rd period - Shot by Patrik Elias.
12:59 of 3rd period - Stopped by Antti Niemi without a rebound.
13:00 of 3rd period - Jesse Winchester wins face-off versus Kyle Turris in Avalanche zone.
13:52 of 3rd period - Shot by Jeff Skinner.
13:52 of 3rd period - Shot Misses the Net.
13:54 of 3rd period - Shot by Derek Stepan.
13:54 of 3rd period - Shot Misses the Net.
13:58 of 3rd period - Shot by Teemu Selanne.
13:58 of 3rd period - Stopped by Mike Smith without a rebound.
13:59 of 3rd period - Brayden Schenn wins face-off versus Patrik Elias in Hurricanes zone.
14:27 of 3rd period - Shot by Patrik Elias.
14:27 of 3rd period - Shot Blocked by Michael Del Zotto.
15:20 of 3rd period - Icing by Michael Del Zotto.
15:21 of 3rd period - Warren Peters wins face-off versus Brayden Schenn in Avalanche zone.
15:21 of 3rd period - Duncan Keith is hit by Michael Del Zotto and loses puck.
15:33 of 3rd period - Icing by Duncan Keith.
15:34 of 3rd period - Warren Peters wins face-off versus Kyle Turris in Hurricanes zone.
16:08 of 3rd period - Shot by Kyle Turris.
16:08 of 3rd period - Shot Misses the Net.
16:10 of 3rd period - Shot by T.J. Oshie.
16:10 of 3rd period - Stopped by Mike Smith without a rebound.
16:11 of 3rd period - Derek Stepan wins face-off versus Patrik Elias in Hurricanes zone.
16:16 of 3rd period - Shot by Teemu Selanne.
16:16 of 3rd period - Stopped by Mike Smith with a rebound.
16:22 of 3rd period - Shot by Jeff Skinner.
16:22 of 3rd period - Stopped by Mike Smith without a rebound.
16:23 of 3rd period - Eric Staal wins face-off versus Derek Stepan in Hurricanes zone.
16:32 of 3rd period - Shot by Jarome Iginla.
16:32 of 3rd period - Shot Misses the Net.
16:34 of 3rd period - Shot by Matt Greene.
16:34 of 3rd period - Stopped by Antti Niemi with a rebound.
16:38 of 3rd period - Shot by Eric Staal.
16:38 of 3rd period - Shot Misses the Net.
16:39 of 3rd period - Minor Penalty to Michal Rozsival for Roughing.
16:40 of 3rd period - Teemu Selanne wins face-off versus Patrik Elias in Avalanche zone.
16:40 of 3rd period - Teemu Selanne is hit by Sheldon Brookbank.
18:00 of 3rd period - Nicklas Lidstrom is hit by Sheldon Brookbank and loses puck.
18:59 of 3rd period - Shot by John Carlson.
18:59 of 3rd period - Shot Blocked by Matt Greene.


Output by the SimonT Hockey Simulator (STHS) for Stephane Roy -- Original Page W3C XHTML 1.0 Valid
Hockey Simulator - Hockey Simulation - Hockey Manager